Map: Ruins of Seras

Players

Pure - Winner!

  • Race: Protoss Protoss
  • League: Diamond

Plurmorant

  • Race: Zerg Zerg
  • League: Master

Event: ASL Season 5 Prime League LOTV Beta

VOD

Have the link to the VOD?

Description

Time

  • Played on: Sept. 16, 2015, 9:45 p.m.
  • Length: 15:08

All games in this series

Show
View Real Time Build Order
Export as new Build Order

Pure Protoss - Winner!

Build Orders: Nexus First 

Get SALT Encoding   

  12  0:00  Probe (Chrono Boost)  
  13  0:17  Pylon  
  13  0:18  Probe (Chrono Boost)  
  14  0:28  Probe (Chrono Boost)  
  15  0:38  Probe (Chrono Boost)  
  16  0:48  Probe (Chrono Boost)  
  17  1:00  Probe (Chrono Boost)  
  18  1:05  Nexus  
  18  1:16  Gateway  
  18  1:18  Probe (Chrono Boost)  
  19  1:29  Probe (Chrono Boost)  
  19  1:31  Assimilator  
  20  1:40  Pylon  
  20  1:42  Probe (Chrono Boost)  
  20  1:45  Assimilator  
  21  1:52  Probe (Chrono Boost)  
  22  2:03  Probe (Chrono Boost)  
  23  2:10  Cybernetics Core  
  23  2:14  Probe (Chrono Boost)  
  24  2:22  Probe (Chrono Boost)  
  25  2:25  Zealot  
  25  2:27  Probe (Chrono Boost)  
  28  2:32  Probe (Chrono Boost)  
  29  2:37  Probe (Chrono Boost)  
  29  2:42  Probe (Chrono Boost)  
  31  2:47  Probe (Chrono Boost)  
  31  2:49  Stargate  
  32  2:52  Mothership Core (Chrono Boost)  
  32  2:57  Probe (Chrono Boost)  
  35  2:58  Warp Gate  
  35  3:02  Assimilator  
  35  3:03  Assimilator  
  35  3:07  Probe (Chrono Boost)  
  35  3:10  Probe (Chrono Boost)  
  35  3:11  Adept  
  39  3:18  Gateway  
  39  3:23  Probe x2 (Chrono Boost)  
  41  3:33  Probe x2 (Chrono Boost)  
  43  3:35  Stargate  
  43  3:43  Probe x2 (Chrono Boost)  
  45  3:51  Pylon  
  45  3:59  Pylon  
  45  4:01  Pylon  
  45  4:04  Probe (Chrono Boost)  
  45  4:09  Probe (Chrono Boost), Void Ray (Chrono Boost)  
  47  4:14  Pylon  
  47  4:15  Probe  
  51  4:23  Void Ray (Chrono Boost)  
  56  4:27  Probe  
  56  4:28  Probe  
  58  4:42  Probe x2  
  58  4:45  Pylon  
  60  4:49  Void Ray (Chrono Boost)  
  64  4:54  Probe x2  
  66  5:02  Void Ray (Chrono Boost)  
  66  5:06  Probe x2  
  72  5:18  Probe x2  
  72  5:19  Fleet Beacon  
  74  5:23  Protoss Air Weapons Level 1  
  74  5:26  Pylon  
  74  5:30  Probe x2  
  74  5:44  Void Ray x2 (Chrono Boost)  
  82  5:54  Probe x2  
  84  6:01  Carrier (Chrono Boost)  
  84  6:16  Nexus, Carrier (Chrono Boost)  
  84  6:18  Probe x2, Pylon  
  84  6:20  Pylon  
  92  6:30  Probe  
  92  6:31  Probe  
  100  6:47  Probe x2  
  102  6:59  Probe x2  
  104  7:03  Graviton Catapult  
  104  7:06  Carrier (Chrono Boost)  
  104  7:08  Pylon x3  
  104  7:09  Pylon  
  104  7:11  Probe  
  104  7:12  Probe, Zealot x2  
  104  7:13  Twilight Council, Carrier (Chrono Boost)  
  122  7:41  Assimilator  
  122  7:47  Assimilator  
  121  8:03  Carrier (Chrono Boost)  
  121  8:04  Pylon  
  121  8:06  Probe  
  121  8:08  Pylon  
  121  8:09  Pylon, Carrier (Chrono Boost)  
  121  8:10  Templar Archives  
  122  8:13  Gateway  
  126  8:34  Psionic Storm  
  126  8:41  Probe x2  
  128  8:49  Pylon  
  128  8:50  Pylon x2  
  128  8:51  Pylon, High Templar  
  128  8:52  High Templar  
  132  9:01  Gateway x2  
  132  9:03  Gateway, Carrier  
  132  9:04  Gateway  
  132  9:06  Gateway, Pylon  
  132  9:28  High Templar x3  
  144  9:50  Charge (Chrono Boost)  
  135  10:02  Protoss Air Weapons Level 2, Carrier  
  135  10:04  Zealot x8  
  151  10:29  High Templar  
  151  10:30  Zealot x4, High Templar  
  151  10:31  Zealot x2  
  151  10:32  Nexus  
  173  10:36  Pylon  
  172  10:48  Carrier  
  164  11:06  Zealot x8, Pylon  
  164  11:08  Pylon  
  164  11:10  Pylon  
  186  11:13  Assimilator  
  186  11:15  Assimilator  
  186  11:18  Nexus  
  182  11:30  Carrier  
  170  11:35  Zealot x4, High Templar  
  170  11:36  High Templar  
  178  11:58  Archon  
  178  11:59  Archon x2  
  167  12:03  High Templar x3  
  167  12:04  Zealot  
  139  12:19  Void Ray  
  137  12:27  High Templar x2  
  137  12:28  Zealot x2  
  145  12:40  Assimilator  
  145  12:41  Assimilator  
  127  12:54  Void Ray  
  127  12:57  Archon  
  117  13:02  Void Ray  
  117  13:05  Zealot x2, High Templar x2  
  123  13:06  Carrier  
  121  13:31  Archon  
  121  13:35  High Templar x2  
  121  13:36  Zealot x4  
  121  13:37  Zealot x2  
  127  13:56  Probe x2  
  125  14:12  Archon  
  125  14:16  Zealot x4, High Templar x2  
  125  14:17  Zealot x2  
  135  14:24  Void Ray  
  137  14:43  Robotics Facility  
  137  14:44  High Templar x2  
  137  14:45  Zealot x4  
Show
View Real Time Build Order
Export as new Build Order

Plurmorant Zerg 

Build Orders: 3 Hatch before Pool 

Get SALT Encoding   

  12  0:01  Drone  
  13  0:12  Overlord  
  13  0:18  Drone  
  14  0:23  Extractor  
  14  0:24  Drone  
  15  0:31  Drone  
  16  0:36  Drone  
  17  0:53  Hatchery  
  17  0:56  Drone  
  17  0:59  Drone  
  18  1:20  Hatchery  
  18  1:24  Drone  
  18  1:26  Drone  
  18  1:29  Drone  
  20  1:42  Spawning Pool  
  20  1:45  Drone  
  20  1:50  Drone  
  21  2:00  Overlord  
  21  2:05  Drone  
  22  2:10  Extractor  
  22  2:14  Drone  
  22  2:16  Drone  
  22  2:21  Drone  
  24  2:26  Drone  
  25  2:32  Queen  
  25  2:33  Queen  
  25  2:35  Zergling x2  
  25  2:36  Drone  
  31  2:43  Queen  
  33  2:46  Drone  
  33  2:48  Drone  
  35  2:51  Drone  
  35  2:53  Drone  
  37  3:00  Roach Warren  
  37  3:02  Drone  
  37  3:05  Drone  
  38  3:07  Drone  
  38  3:09  Drone  
  38  3:12  Overlord  
  40  3:17  Overlord  
  40  3:19  Drone  
  41  3:22  Drone  
  42  3:28  Lair  
  42  3:32  Drone x2, Extractor  
  42  3:33  Drone  
  44  3:36  Drone  
  45  3:42  Overlord  
  45  3:43  Drone x2  
  45  3:45  Drone x2  
  49  3:48  Drone  
  49  3:50  Drone  
  49  3:51  Drone  
  52  3:55  Overlord  
  52  3:57  Drone x2  
  53  4:03  Drone x2  
  53  4:05  Overlord  
  55  4:15  Drone, Overlord  
  55  4:16  Drone x3  
  59  4:21  Overlord  
  59  4:26  Drone x2  
  59  4:27  Overlord, Hydralisk Den  
  59  4:28  Glial Reconstitution, Extractor  
  59  4:29  Drone, Extractor  
  59  4:30  Drone x2  
  61  4:38  Roach x3  
  67  4:39  Roach x2  
  67  4:42  Roach  
  67  4:43  Roach  
  75  4:48  Roach  
  77  4:54  Drone x2  
  77  4:55  Extractor  
  77  4:56  Extractor  
  77  4:57  Overlord  
  77  4:58  Drone  
  77  4:59  Drone  
  79  5:02  Drone  
  79  5:03  Drone x3  
  79  5:06  Drone x2  
  85  5:10  Muscular Augments  
  85  5:14  Drone  
  86  5:16  Hydralisk x2  
  86  5:19  Hydralisk  
  92  5:22  Hydralisk  
  92  5:28  Hydralisk  
  94  5:30  Hydralisk  
  94  5:31  Hydralisk  
  94  5:34  Hydralisk  
  102  5:38  Hydralisk  
  102  5:40  Overlord  
  102  5:41  Hydralisk  
  106  5:43  Hydralisk  
  106  5:46  Hydralisk  
  110  5:52  Hydralisk  
  110  5:53  Hydralisk  
  114  5:59  Hydralisk  
  114  6:00  Hydralisk  
  114  6:01  Hydralisk  
  114  6:03  Hatchery  
  119  6:04  Overlord, Hydralisk  
  121  6:12  Spore Crawler  
  121  6:13  Hydralisk  
  121  6:14  Overlord x2  
  122  6:19  Overlord  
  122  6:23  Hydralisk x2  
  122  6:24  Infestation Pit  
  125  6:28  Hydralisk  
  125  6:29  Overlord  
  125  6:31  Overlord  
  127  6:33  Overlord  
  127  6:37  Hydralisk  
  127  6:39  Overlord  
  129  6:42  Overlord  
  129  6:44  Spore Crawler  
  129  6:46  Overlord  
  128  6:49  Hydralisk  
  130  7:05  Hydralisk x3  
  130  7:08  Hive, Overlord, Hydralisk x2  
  136  7:15  Hydralisk x2  
  140  7:16  Hydralisk  
  140  7:18  Hydralisk  
  140  7:20  Hydralisk  
  150  7:24  Hydralisk  
  150  7:29  Queen  
  154  7:30  Drone x2  
  154  7:31  Drone  
  154  7:33  Drone  
  154  7:34  Drone  
  154  7:36  Drone  
  160  7:39  Drone  
  160  7:40  Drone x2  
  160  7:41  Drone  
  160  7:42  Drone  
  160  7:43  Drone x2  
  167  7:47  Drone x2  
  169  7:54  Drone x3  
  169  7:55  Overlord  
  169  7:57  Drone  
  169  7:58  Drone  
  174  8:02  Drone x2  
  176  8:10  Drone x2, Overlord  
  178  8:13  Drone x2, Extractor  
  178  8:15  Extractor  
  178  8:24  Viper x5  
  193  8:32  Hydralisk  
  193  8:33  Viper  
  198  8:42  Overlord  
  198  8:44  Evolution Chamber  
  198  8:46  Evolution Chamber  
  198  8:47  Spore Crawler  
  195  8:50  Hatchery, Spore Crawler  
  195  8:51  Viper x2  
  195  8:52  Overlord  
  199  9:17  Evolution Chamber  
  198  9:27  Roach  
  198  9:57  Zerg Missile Weapons Level 1, Zerg Ground Armor Level 1  
  198  10:11  Spire  
  197  10:47  Ultralisk Cavern  
  188  11:02  Roach  
  188  11:03  Roach  
  150  11:04  Roach  
  150  11:05  Roach x2  
  150  11:06  Roach x8  
  150  11:07  Hydralisk x3, Roach x6  
  180  11:24  Roach x2  
  180  11:25  Roach x2  
  182  11:29  Corruptor x3, Roach x3  
  182  11:30  Corruptor  
  182  11:32  Corruptor x2, Roach  
  190  11:33  Corruptor x3  
  190  11:35  Chitinous Plating  
  198  11:48  Corruptor  
  198  11:49  Corruptor  
  197  11:59  Roach x2  
  197  12:00  Corruptor x2  
  173  12:04  Roach  
  173  12:05  Hatchery  
  160  12:10  Corruptor x2  
  160  12:11  Corruptor x11  
  160  12:14  Corruptor  
  160  12:17  Roach x2  
  160  12:19  Roach  
  160  12:22  Corruptor  
  134  12:23  Spore Crawler  
  134  12:24  Spore Crawler  
  134  12:28  Spore Crawler, Corruptor  
  131  12:31  Spore Crawler, Corruptor  
  131  12:35  Corruptor  
  106  12:46  Corruptor  
  106  12:48  Corruptor  
  93  12:54  Corruptor  
  75  13:00  Queen x2  
  75  13:01  Queen x2  
  75  13:02  Roach x3  
  75  13:03  Roach x3  
  75  13:04  Roach  
  87  13:07  Roach  
  87  13:08  Roach  
  85  13:13  Roach x3  
  85  13:16  Roach x2  
  85  13:17  Roach  
  97  13:20  Roach x2  
  97  13:23  Roach x2, Extractor  
  97  13:24  Extractor  
  98  13:28  Roach x2  
  98  13:31  Roach  
  98  13:32  Roach  
  76  13:35  Roach  
  76  13:36  Roach, Queen  
  76  13:39  Roach  
  80  13:41  Roach  
  80  13:44  Roach  
  80  13:47  Roach  
  72  13:51  Roach  
  72  13:52  Roach  
  72  13:55  Roach x2  
  68  13:58  Roach  
  68  14:00  Roach  
  68  14:01  Roach  
  68  14:06  Roach  
  63  14:10  Roach  
  63  14:15  Roach  
  43  14:32  Corruptor  
Tags
 
Add a new tag
Caveats
  • Supply blocks, unpowered buildings, or Contaminate may cause inaccurate times.
  • Supply counts are checked every 10 seconds.